 Dungeon Crawl Stone Soup version 0.21-a0-274-gc1afaeb (webtiles) character file.

25 Espgualade the Chiller (level 3, 0/33 HPs)
             Began as a Tengu Ice Elementalist on Sept 19, 2017.
             Slain by an adder (1 damage)
             ... on level 2 of the Dungeon.
             The game lasted 00:01:32 (1029 turns).

Espgualade the Chiller (Tengu Ice Elementalist)     Turns: 1029, Time: 00:01:33

Health: 0/33       AC: 21    Str:  8    XL:     3   Next: 4%
Magic:  4/7        EV:  2    Int: 16    God:
Gold:   37         SH:  0    Dex: 14    Spells: 3/6 levels left

rFire    . . .     SeeInvis .   k - +0 mace (crush)
rCold    . . .     Gourm    .   (no shield)
rNeg     + + +     Faith    .   (armour currently unavailable)
rPois    +         Spirit   .   (helmet currently unavailable)
rElec    .         Reflect  .   (cloak currently unavailable)
rCorr    .         Harm     .   (gloves currently unavailable)
MR       .....     NoTele   +   (boots unavailable)
Stlth    ++........             (no amulet)
HPRegen  0.11/turn              (no ring)
MPRegen  0.10/turn              (no ring)

@: lethally poisoned (0 -> -2), tree-form, very slightly contaminated
A: no striking features
a: no special abilities


You were on level 2 of the Dungeon.
You were hungry.
You were a tree.
You visited 1 branch of the dungeon, and saw 2 of its levels.

You collected 37 gold pieces.

Inventory:

Hand Weapons
 k - a +0 mace of crushing (weapon)
Armour
 a - a +0 robe (melded)
Jewellery
 j - a +5 ring of protection {unknown}
Scrolls
 m - a scroll of random uselessness {unknown}
Potions
 e - a potion of brilliance {unknown}
 f - a potion of agility {unknown}
 g - a potion of flight {unknown}
 i - a potion of haste {unknown}
 l - a potion of heal wounds {unknown}
Books
 b - a book of Frost

   Spells                             Type                      Level
   a - Freeze                         Ice                          1
   b - Throw Frost                    Conjuration/Ice              2
   c - Ozocubu's Armour               Charms/Ice                   3
   d - Throw Icicle                   Conjuration/Ice              4
   e - Summon Ice Beast               Ice/Summoning                4
Comestibles
 c - 4 bread rations
 h - a meat ration
 n - a fruit


   Skills:
 + Level 2.5 Fighting
 - Level 2.1 Dodging
 - Level 2.0 Stealth
 - Level 2.0 Spellcasting
 - Level 1.3 Conjurations
 - Level 2.6 Ice Magic


You had 3 spell levels left.
You knew the following spells:

 Your Spells              Type           Power        Failure   Level  Hunger
a - Freeze                Ice            ##..         7%          1    #......
b - Throw Frost           Conj/Ice       #.....       14%         2    ###....


Dungeon Overview and Level Annotations

Branches:
Dungeon (2/15)

Altars:


Innate Abilities, Weirdness & Mutations

((You have a beak for a mouth.))
((You have claws for feet.))


Message History

Aiming: Freeze
Press: ? - help, Shift-Dir - straight line, f/p - adder
Aim: an adder You freeze the adder.
The adder is lightly wounded.
The adder bites you.
* * * LOW HITPOINT WARNING * * *
The adder bites you.
* * * LOW HITPOINT WARNING * * *
Casting: Freeze
Confirm with . or Enter, or press ? or * to list all spells.
Aiming: Freeze
Press: ? - help, Shift-Dir - straight line, f/p - adder
Aim: an adder (lightly wounded)
Okay, then.
It was a potion of lignification.
You turn into a tree.
Your +0 robe melds into your body.
Your roots penetrate the ground.
* * * LOW HITPOINT WARNING * * *
You feel sick. The adder bites you.
You die...

##################.#.#.#.#
.........)†.......>#.#.#.#
#####..########.#.#.#.#.#
##.# #...#...#.. #.# ####
########### #.# ...
#.##.###### #.........#
#..♣......# #..S......#
#.........# #.........#
#........[# #.........#
#......!..# #......(..#


You could see an adder.

Vanquished Creatures
  An adder (D:2)
  An ooze (D:1)
  3 giant cockroaches (D:1)
  A goblin (D:1)
  A hobgoblin (D:1)
  A bat (D:1)
  A frilled lizard (D:1)
  2 kobolds (D:2)
  2 rats (D:2)
13 creatures vanquished.

Notes
Turn   | Place    | Note
-------+----------+-------------------------------------------
     0 | D:1      | Espgualade the Tengu Ice Elementalist began the quest for the Orb.
     0 | D:1      | Reached XP level 1. HP: 10/10 MP: 4/4
   168 | D:1      | Reached skill level 1 in Fighting
   481 | D:1      | Reached XP level 2. HP: 17/17 MP: 0/6
   830 | D:1      | Learned a level 2 spell: Throw Frost
  1012 | D:2      | Reached XP level 3. HP: 22/22 MP: 7/7
  1028 | D:2      | HP: 1/22 [adder (5)]
  1029 | D:2      | Slain by an adder

Vault maps used:
D:1:      dpeg_arrival_stonehenge_8_columns
D:2:      first_bread

Skill      XL: |  1  2 |
---------------+-------+-----
Fighting       | 1 2 |  2.5
Dodging        | |  2.1
Stealth        | |  2.0
Spellcasting   | |  2.0
Conjurations   | |  1.3
Ice Magic      | |  2.6

Action                   || total
-------------------------++-------
Melee: Unarmed           ||    13
       Peck              ||     3
       Mace              ||     7
       Kick              ||     2
 Cast: Freeze            ||    13
  Use: Potion            ||     1
 Stab: Sleeping          ||     1
Armor: Robe              ||     5
Dodge: Dodged            ||    18

Table legend:
 A = Spawn XP
 B = Non-spawn XP
 C = Spawn XP percentage of total XP
 D = Spawn monster count
 E = Non-spawn monster count
 F = Spawn count percentage of total count
 G = Total turns spent on level
                    A         B        C        D         E        F      G
               +---------+---------+-------+---------+---------+-------+---------
         Total |       0 |      36 |   0.0 |       0 |      13 |   0.0 |  1029
               +---------+---------+-------+---------+---------+-------+---------
           D:1 |       0 |      18 |   0.0 |       0 |       8 |   0.0 |   831
           D:2 |       0 |      18 |   0.0 |       0 |       5 |   0.0 |   198
               +---------+---------+-------+---------+---------+-------+---------
